 Dungeon Crawl Stone Soup version 0.26-a0-505-g732bf3b8d2 (webtiles) character file.

Game seed: 9086123515156180292

4795 Gargoyl the Fighter (level 10, -2/82 HPs)
             Began as a Gnoll Abyssal Knight on Aug 9, 2020.
             Was an Elder of Lugonu.
             Slain by a hippogriff (6 damage)
             ... on level 9 of the Dungeon.
             The game lasted 00:12:18 (10028 turns).

Gargoyl the Fighter (Gnoll Abyssal Knight)         Turns: 10028, Time: 00:12:19

Health: -2/82      AC: 16    Str: 16    XL:     10   Next: 48%
Magic:  13/17      EV: 10    Int: 15    God:    Lugonu [****..]
Gold:   599        SH:  5    Dex: 16    Spells: 19/19 levels left

rFire    + . .     SeeInvis .   a - +3 hand axe
rCold    + . .     Faith    .   l - +0 buckler
rNeg     . . .     Spirit   .   c - +3 chain mail {rF+}
rPois    .         Reflect  .   (no helmet)
rElec    .         Harm     .   p - +0 cloak
rCorr    .                      (no gloves)
MR       .....                  (no boots)
Stlth    ..........             (no amulet)
HPRegen  0.23/turn              i - ring of protection from cold
MPRegen  0.15/turn              y - ring of flight

@: lightly drained
A: distributed training, fangs 1, iridescent scales 1, blurry vision 1, no
potion heal 1, MP-powered wands, strong nose
a: Depart the Abyss, Bend Space, Banish, Corrupt, Renounce Religion, Evoke
Flight


You were on level 9 of the Dungeon.
You worshipped Lugonu.
Lugonu was greatly pleased with you.
You visited 1 branch of the dungeon, and saw 9 of its levels.
You visited the Abyss 1 time.

You collected 677 gold pieces.
You spent 78 gold pieces at shops.

Inventory:

Hand Weapons
 a - a +3 hand axe (weapon)
 o - a +2 dagger of draining
 v - a +1 falchion of flaming
Missiles
 z - 8 silver javelins (quivered)
Armour
 c - a +3 chain mail of fire resistance (worn)
 l - a +0 buckler (worn)
 p - a +0 cloak (worn)
Jewellery
 i - a ring of protection from cold (left hand)
 w - an uncursed ring of protection from cold
 y - a ring of flight (right hand)
Wands
 g - a wand of flame (13)
 m - a wand of random effects (12)
 n - a wand of polymorph (8)
 s - a wand of enslavement (10)
Scrolls
 b - a scroll of identify
 f - 4 scrolls of teleportation
 j - 8 scrolls of remove curse
 r - a scroll of blinking
 u - 2 scrolls of magic mapping
Potions
 d - 2 potions of lignification
 h - 3 potions of magic
 k - a potion of might
 q - 2 potions of curing
 t - a potion of cancellation
 x - a potion of brilliance
 B - 2 potions of resistance
 C - a potion of haste


   Skills:
 + Level 8.5(8.0) Fighting
 + Level 5.3(4.8) Short Blades
 + Level 5.3(4.8) Long Blades
 + Level 7.1(6.6) Axes
 + Level 5.3(4.8) Maces & Flails
 + Level 5.3(4.8) Polearms
 + Level 5.3(4.8) Staves
 + Level 5.3(4.8) Slings
 + Level 5.3(4.8) Bows
 + Level 5.3(4.8) Crossbows
 + Level 5.3(4.8) Throwing
 + Level 7.1(6.6) Armour
 + Level 6.0(5.5) Dodging
 + Level 5.3(4.8) Stealth
 + Level 5.3(4.8) Shields
 + Level 5.3(4.8) Unarmed Combat
 + Level 5.3(4.8) Spellcasting
 + Level 4.4(3.9) Conjurations
 + Level 4.4(3.9) Hexes
 + Level 4.4(3.9) Summonings
 + Level 4.4(3.9) Necromancy
 + Level 4.4(3.9) Translocations
 + Level 4.4(3.9) Transmutations
 + Level 4.4(3.9) Fire Magic
 + Level 4.4(3.9) Ice Magic
 + Level 4.4(3.9) Air Magic
 + Level 4.4(3.9) Earth Magic
 + Level 4.4(3.9) Poison Magic
 + Level 7.5(7.0) Invocations
 + Level 5.3(4.8) Evocations


You had 19 spell levels left.
You didn't know any spells.
Your spell library contained the following spells:

 Spells                   Type           Power        Failure   Level
 Corona                   Hex            ###....      41%         1
 Magic Dart               Conj           ###.         41%         1
 Searing Ray              Conj           ###...       56%         2
 Slow                     Hex            ###.....     56%         2
 Confusing Touch          Hex            ###.....     80%         3
 Dazzling Flash           Conj/Hex       ###...       80%         3
 Gell's Gravitas          Tloc           ###.......   80%         3
 Inner Flame              Hex/Fire       ###.....     80%         3
 Portal Projectile        Hex/Tloc       ###...       80%         3
 Cause Fear               Hex            ###.......   99%         4
 Fulminant Prism          Conj/Hex       ###.......   99%         4
 Iskenderun's Mystic Bla  Conj/Tloc      ###.....     99%         4
 Leda's Liquefaction      Hex/Erth       ###.......   99%         4
 Petrify                  Tmut/Erth      ###.....     99%         4
 Metabolic Englaciation   Hex/Ice        ###.......   100%        5
 Yara's Violent Unravell  Hex/Tmut       ###.......   100%        5


Dungeon Overview and Level Annotations

Branches:
Dungeon (9/15)             Temple (0/1) D:4
   Lair: D:8-11         Orc: D:9-12

Altars:
Cheibriados
Fedhas
Kikubaaqudgha
Nemelex Xobeh
Qazlal
Trog
Uskayaw
Vehumet
Wu Jian
Xom

Shops:
D:6 !


Innate Abilities, Weirdness & Mutations

Your experience applies equally to all skills.
You have very sharp teeth.
Your uncanny sense of smell can sniff out nearby items.
You are partially covered in iridescent scales. (AC +2)
Scrolls take you a little longer to read.
Potions are less effective at restoring your health.
You expend magic power (3 MP) to strengthen your wands.


Message History

The hippogriff bites you.
* * * LOW HITPOINT WARNING * * *
The hippogriff pecks you.
* * * LOW HITPOINT WARNING * * *
The hippogriff claws you.
* * * LOW HITPOINT WARNING * * *
Press: ? - help, Shift-Dir - straight line, f - hippogriff
Aim: a hippogriff (chance to defeat MR: 81%)
You fail to use your ability.
The hippogriff bites you but does no damage.
The hippogriff pecks you but does no damage.
The hippogriff claws you.
* * * LOW HITPOINT WARNING * * *
Press: ? - help, Shift-Dir - straight line, f/p - hippogriff
Aim: a hippogriff (chance to defeat MR: 81%)
The hippogriff barely resists.
The hippogriff bites you.
* * * LOW HITPOINT WARNING * * *
The hippogriff pecks you but does no damage.
The hippogriff claws you.
You die...

#...## .....
#...## ...
#....###...
#.....>..###
######.......... .
#(.#†#........##.
#.@H.'<..........
#≈≈≈≈#........#
######..(.....##
#.............#
..###...$...#.###
#............##
#........(.##..#
..[........(###.#
#............÷....


You could see a hippogriff.

Vanquished Creatures
  Grinder (D:3)
  A hippogriff (D:7)
  Edmund (D:4)
  3 ice beasts
  A necrophage (D:7)
  2 orc warriors
  2 phantoms
  4 ogres
  A centaur (D:7)
  A big kobold (D:8)
  2 bullfrogs
  A water moccasin zombie (D:8)
  4 scorpions
  10 wights
  2 hounds
  A bullfrog skeleton (D:5)
  A jelly (D:8)
  4 orc wizards
  4 orc priests
  4 iguanas
  Ijyb (D:3)
  3 worker ants
  A killer bee zombie (D:7)
  A hound zombie (D:5)
  A mummy (D:4)
  A worker ant zombie (D:8)
  12 adders
  3 gnolls (D:8)
  4 shadow imps
  3 adder skeletons
  3 adder zombies (D:7)
  2 worms
  3 dart slugs
  3 leopard geckos
  27 orcs
  7 giant cockroaches
  9 goblins
  4 hobgoblins
  7 jackals
  2 quokkas
  5 bats
  7 frilled lizards
  A goblin zombie (D:4)
  A hobgoblin zombie (D:4)
  2 jackal zombies
  9 kobolds
  A leopard gecko skeleton (D:7)
  A quokka skeleton (D:5)
  A quokka zombie (D:6)
  11 rats
186 creatures vanquished.

Vanquished Creatures (collateral kills)
  3 yaks (D:9)
  A quokka (D:9)
4 creatures vanquished.

Vanquished Creatures (others)
  A two-headed ogre (D:8)
  A merfolk (D:9)
  2 yaks (D:9)
  2 orc warriors (D:8)
  An orc wizard (D:8)
7 creatures vanquished.

Grand Total: 197 creatures vanquished

Notes
Turn   | Place    | Note
-------+----------+-------------------------------------------
     0 | Abyss:1  | Gargoyl the Gnoll Abyssal Knight began the quest for the
                  | Orb.
     0 | Abyss:1  | Reached XP level 1. HP: 23/23 MP: 3/3
    57 | Abyss:2  | Noticed a tentacled monstrosity
    60 | Abyss:2  | Noticed a tentacled starspawn
    61 | D:1      | Escaped the Abyss
   239 | D:1      | Reached * piety under Lugonu
   239 | D:1      | Reached XP level 2. HP: 29/29 MP: 5/5
   948 | D:2      | Reached XP level 3. HP: 35/35 MP: 6/6
  1133 | D:2      | Reached skill level 1 in Short Blades
  1133 | D:2      | Reached skill level 1 in Long Blades
  1133 | D:2      | Reached skill level 1 in Maces & Flails
  1133 | D:2      | Reached skill level 1 in Polearms
  1133 | D:2      | Reached skill level 1 in Staves
  1133 | D:2      | Reached skill level 1 in Slings
  1133 | D:2      | Reached skill level 1 in Bows
  1133 | D:2      | Reached skill level 1 in Crossbows
  1133 | D:2      | Reached skill level 1 in Throwing
  1133 | D:2      | Reached skill level 1 in Stealth
  1133 | D:2      | Reached skill level 1 in Shields
  1133 | D:2      | Reached skill level 1 in Unarmed Combat
  1133 | D:2      | Reached skill level 1 in Spellcasting
  1133 | D:2      | Reached skill level 1 in Evocations
  1198 | D:2      | Reached ** piety under Lugonu
  1201 | D:2      | Reached XP level 4. HP: 41/41 MP: 7/7
  1209 | D:2      | Found a snail-covered altar of Cheibriados.
  1675 | D:3      | Gained mutation: You are partially covered in iridescent
                  | scales. (AC +2) [potion of mutation]
  1675 | D:3      | Gained mutation: Scrolls take you a little longer to read.
                  | [potion of mutation]
  1675 | D:3      | Gained mutation: Potions are less effective at restoring
                  | your health. [potion of mutation]
  1675 | D:3      | Gained mutation: You expend magic power (3 MP) to
                  | strengthen your wands. [potion of mutation]
  1862 | D:3      | Reached skill level 1 in Conjurations
  1862 | D:3      | Reached skill level 1 in Hexes
  1862 | D:3      | Reached skill level 1 in Summonings
  1862 | D:3      | Reached skill level 1 in Necromancy
  1862 | D:3      | Reached skill level 1 in Translocations
  1862 | D:3      | Reached skill level 1 in Transmutations
  1862 | D:3      | Reached skill level 1 in Fire Magic
  1862 | D:3      | Reached skill level 1 in Ice Magic
  1862 | D:3      | Reached skill level 1 in Air Magic
  1862 | D:3      | Reached skill level 1 in Earth Magic
  1862 | D:3      | Reached skill level 1 in Poison Magic
  1866 | D:3      | Reached XP level 5. HP: 40/47 MP: 8/8
  2019 | D:3      | Found a faded altar of an unknown god.
  2075 | D:3      | Noticed a phantom
  2117 | D:3      | Killed a phantom
  2117 | D:3      | Reached skill level 5 in Invocations
  2117 | D:3      | Reached XP level 6. HP: 34/53 MP: 9/9
  2533 | D:3      | Found a hide-covered altar of Uskayaw.
  2534 | D:3      | Noticed Grinder
  2546 | D:3      | Paralysed by Grinder for 5 turns
  2833 | D:3      | Noticed Ijyb
  2847 | D:3      | Killed Ijyb
  2961 | D:3      | Paralysed by Grinder for 7 turns
  2978 | D:3      | Paralysed by Grinder for 2 turns
  2988 | D:3      | Paralysed by Grinder for 6 turns
  3029 | D:3      | Paralysed by Grinder for 2 turns
  3036 | D:3      | Killed Grinder
  3036 | D:3      | Reached skill level 7 in Fighting
  3036 | D:3      | Reached skill level 5 in Axes
  3036 | D:3      | Reached skill level 5 in Armour
  3036 | D:3      | Reached XP level 7. HP: 21/60 MP: 10/10
  3849 | D:4      | Noticed Edmund
  3875 | D:4      | Killed Edmund
  4018 | D:4      | Reached XP level 8. HP: 67/67 MP: 12/12
  4153 | D:4      | Found a staircase to the Ecumenical Temple.
  4462 | D:5      | Entered Level 5 of the Dungeon
  4694 | D:5      | Reached *** piety under Lugonu
  5169 | D:6      | Found an ornate altar of the Wu Jian Council.
  5906 | D:6      | Found Zydwuhep's Distillery.
  5950 | D:6      | Bought 2 potions of curing for 78 gold pieces
  6247 | D:7      | Reached **** piety under Lugonu
  6247 | D:7      | Reached XP level 9. HP: 62/73 MP: 10/14
  6451 | D:7      | Found a sparkling altar of Nemelex Xobeh.
  6748 | D:7      | Reached skill level 5 in Dodging
  6898 | D:7      | Noticed a moth of wrath
  6901 | D:7      | Found a bloodstained altar of Trog.
  7785 | D:8      | Reached skill level 8 in Fighting
  8618 | D:8      | Reached XP level 10. HP: 68/80 MP: 17/17
  8741 | D:8      | Found a stormy altar of Qazlal.
  8746 | D:8      | Found an ancient bone altar of Kikubaaqudgha.
  8829 | D:8      | Found a blossoming altar of Fedhas.
  8833 | D:8      | Found a bloodstained altar of Trog.
  8840 | D:8      | Found a radiant altar of Vehumet.
  8843 | D:8      | Found a shimmering altar of Xom.
  8862 | D:8      | Found an ornate altar of the Wu Jian Council.
  9638 | D:9      | Reached skill level 5 in Short Blades
  9638 | D:9      | Reached skill level 5 in Long Blades
  9638 | D:9      | Reached skill level 5 in Maces & Flails
  9638 | D:9      | Reached skill level 5 in Polearms
  9638 | D:9      | Reached skill level 5 in Staves
  9638 | D:9      | Reached skill level 5 in Slings
  9638 | D:9      | Reached skill level 5 in Bows
  9638 | D:9      | Reached skill level 5 in Crossbows
  9638 | D:9      | Reached skill level 5 in Throwing
  9638 | D:9      | Reached skill level 5 in Stealth
  9638 | D:9      | Reached skill level 5 in Shields
  9638 | D:9      | Reached skill level 5 in Unarmed Combat
  9638 | D:9      | Reached skill level 5 in Spellcasting
  9638 | D:9      | Reached skill level 5 in Evocations
  9650 | D:9      | Noticed a two-headed ogre
  9898 | D:8      | Banished a two-headed ogre
  9950 | D:9      | HP: 2/82 [merfolk/+0 spear (13)]
 10028 | D:9      | HP: 4/82 [hippogriff (3)]
 10028 | D:9      | Slain by a hippogriff

Illustrated notes

Levels and vault maps discovered:
D:1:      mrwooster_arrival_statue_2, layout_basic
D:2:      layout_loops_ring, overflow_temple_1_default
D:3:      layout_basic, lemuel_crystal_altar, chequers_ecumenical_altar_twisty,
          uniq_ijyb, uniq_grinder
D:4:      layout_basic, minmay_temple_entry_metal_lava,
          nicolae_ossuary_entry_giza, minmay_misc_feat_secret_circle,
          saegor_snake_ambush, uniq_edmund
D:5:      layout_rooms, feat_on_display
D:6:      layout_basic, serial_shops, shop, serial_glass, glass_columns_c,
          glass_columns_a, basic_altar, st_stairs_13
D:7:      layout_basic, lemuel_doored_altar, tgw_trog
D:8:      layout_basic, amethyst_overflow_temple_binary,
          minmay_overflow_temple_star_hex
D:9:      layout_rooms, riverfiend_overflow_shadow_ancestor,
          nicolae_ru_the_path_less_chosen, dpeg_lair_monsters,
          nicolae_transmutations_shop, hangedman_fish_farm

Skill      XL: |  1  2  3  4  5  6  7  8  9 10 |
---------------+-------------------------------+-----
Short Blades   | 1 2 3 4 5 |  5.3
Long Blades    | 1 2 3 4 5 |  5.3
Maces & Flails | 1 2 3 4 5 |  5.3
Polearms       | 1 2 3 4 5 |  5.3
Staves         | 1 2 3 4 5 |  5.3
Slings         | 1 2 3 4 5 |  5.3
Bows           | 1 2 3 4 5 |  5.3
Crossbows      | 1 2 3 4 5 |  5.3
Throwing       | 1 2 3 4 5 |  5.3
Stealth        | 1 2 3 4 5 |  5.3
Shields        | 1 2 3 4 5 |  5.3
Unarmed Combat | 1 2 3 4 5 |  5.3
Spellcasting   | 1 2 3 4 5 |  5.3
Evocations     | 1 2 3 4 5 |  5.3
Conjurations   | 1 2 3 4 |  4.4
Hexes          | 1 2 3 4 |  4.4
Summonings     | 1 2 3 4 |  4.4
Necromancy     | 1 2 3 4 |  4.4
Translocations | 1 2 3 4 |  4.4
Transmutations | 1 2 3 4 |  4.4
Fire Magic     | 1 2 3 4 |  4.4
Ice Magic      | 1 2 3 4 |  4.4
Air Magic      | 1 2 3 4 |  4.4
Earth Magic    | 1 2 3 4 |  4.4
Poison Magic   | 1 2 3 4 |  4.4
Dodging        | 3 4 5 6 |  6.0
Invocations    | 5 6 7 |  7.5
Fighting       | 7 8 |  8.5
Axes           | 5 6 7 |  7.1
Armour         | 5 6 7 |  7.1

Action                   |  1- 3 |  4- 6 |  7- 9 | 10-12 || total
-------------------------+-------+-------+-------+-------++-------
Melee: Hand axe          |    78 |   115 |   554 |    91 ||   838
       Bite              |     2 |    21 |    78 |    16 ||   117
       Dagger            |       |    45 |       |       ||    45
Throw: Javelin           |       |       |     4 |       ||     4
Invok: Depart the Abyss  |     1 |       |       |       ||     1
       Banish            |       |       |     1 |     5 ||     6
Evoke: Wand              |       |       |       |     6 ||     6
  Use: Scroll            |     3 |     7 |     7 |     1 ||    18
       Potion            |       |    10 |     2 |       ||    12
Armor: Chain mail        |    51 |    80 |   354 |    50 ||   535
Dodge: Dodged            |    28 |    34 |   233 |    40 ||   335
Block: Buckler           |       |     6 |   137 |    24 ||   167

Table legend: (Time is in decaauts)
 A = Elapsed time spent in this place.
 B = Non-inter-level travel time spent in this place.
 C = Inter-level travel time spent in this place.
 D = Time resting spent in this place.
 E = Time spent auto-exploring this place.
 F = Levels seen in this place.
 G = Mean time per level.
                   A        B        C        D        E       F      G
               +--------+--------+--------+--------+--------+-----+--------+
         Total |  10062 |   9810 |    252 |   2545 |   5307 |  11 |  914.7 |
       Dungeon |  10001 |   9749 |    252 |   2545 |   5274 |   9 | 1111.2 |
         Abyss |     60 |     60 |      0 |      0 |     33 |   2 |   30.0 |
               +--------+--------+--------+--------+--------+-----+--------+

Top non-repeatable levels by time:
     D:8: 2123 daAuts
     D:3: 1767 daAuts
     D:7: 1546 daAuts
     D:4: 1031 daAuts
     D:6: 938 daAuts
     D:1: 856 daAuts
     D:2: 757 daAuts
     D:5: 664 daAuts
     D:9: 315 daAuts
 Abyss:2: 44 daAuts
 Abyss:1: 16 daAuts
